 Dungeon Crawl Stone Soup version 0.30-a0-371-gad7725a93e (webtiles) character file.

Game seed: 8659594728806765887

3851 garrulousMonolith the Basher (level 10, 0/61 HPs)
             Began as a Gargoyle Fighter on Nov 22, 2022.
             Slain by a komodo dragon (11 damage)
             ... on level 7 of the Dungeon.
             The game lasted 00:09:23 (7079 turns).

garrulousMonolith the Basher (Gargoyle Fighter)     Turns: 7079, Time: 00:09:23

Health: 0/61       AC: 29    Str: 21    XL:     10   Next: 18%
Magic:  14/14      EV: 11    Int: 14    God:
Gold:   349        SH:  6    Dex: 13    Spells: 9/9 levels left

rFire   . . .      SeeInvis +    a - +2 flail (protect)
rCold   . . .      Faith    .    c - +1 buckler
rNeg    + . .      Spirit   .    b - +0 scale mail
rPois   ∞          Reflect  .    x - +2 helmet
rElec   +          Harm     .    w - +0 cloak
rCorr   .          Rampage  .    n - +0 pair of gloves
Will    .....                    o - +0 pair of boots
Stlth   ..........               (no amulet)
HPRegen 0.30/turn                g - ring of see invisible
MPRegen 0.14/turn                y - +6 ring of intelligence

@: under a protective aura
A: sickness immunity, AC +7, negative energy resistance 1, electricity
resistance, torment resistance 1, petrification resistance
a: no special abilities


You were on level 7 of the Dungeon.
You visited 2 branches of the dungeon, and saw 8 of its levels.

You collected 349 gold pieces.

Inventory:

Hand Weapons
 a - a +2 flail of protection (weapon)
 z - a +0 hand axe of flaming
 B - a +0 broad axe
Missiles
 f - 8 poisoned darts (quivered)
Armour
 b - a +0 scale mail (worn)
 c - a +1 buckler (worn)
 n - a +0 pair of gloves (worn)
 o - a +0 pair of boots (worn)
 w - a +0 cloak (worn)
 x - a +2 helmet (worn)
Jewellery
 g - a ring of see invisible (left hand)
 h - the ring of the Noxious Cherry {*Corrode Fly rF+++ Int+2 Dex+6}
   (You took it off a deep elf pyromancer on level 7 of the Dungeon)

   [ring of dexterity]

   Int:       It affects your intelligence (+2).
   Dex:       It affects your dexterity (+6).
   rF:        It renders you almost immune to fire.
   Fly:       It grants you flight.
   *Corrode:  It may corrode you when you take damage.
 v - an amulet of magic regeneration
 y - a +6 ring of intelligence (right hand)
 F - a +6 ring of strength
Wands
 r - a wand of polymorph (12)
Scrolls
 d - a scroll of blinking
 e - 4 scrolls of identify
 i - a scroll of amnesia
Potions
 k - a potion of mutation
 q - a potion of haste
 t - 2 potions of lignification
 D - a potion of flight {unknown}


   Skills:
 + Level 6.8 Fighting
 * Level 8.0 Maces & Flails
 + Level 6.8 Armour
 + Level 4.2 Dodging
 + Level 6.9 Shields
 + Level 5.7 Invocations


You had 9 spell levels left.
You didn't know any spells.
Your spell library contained the following spells:

 Spells                   Type           Power      Damage    Failure   Level
 Foxfire                  Conj/Fire      0%         2x1d4     65%         1
 Magic Dart               Conj           0%         1d3       65%         1
 Sandblast                Erth           0%         2d4       65%         1
 Call Imp                 Summ           0%         N/A       80%         2
 Passwall                 Tmut/Erth      0%         N/A       80%         2
 Mephitic Cloud           Conj/Pois/Air  0%         N/A       95%         3
 Stone Arrow              Conj/Erth      0%         3d7       95%         3
 Summon Guardian Golem    Hex/Summ       0%         N/A       95%         3
 Fireball                 Conj/Fire      0%         3d3       100%        5
 Starburst                Conj/Fire      0%         6d3       100%        6
 Orb of Destruction       Conj           0%         9d5       100%        7
 Spellforged Servitor     Conj/Summ      0%         N/A       100%        7


Dungeon Overview and Level Annotations

Branches:
Dungeon (7/15)             Temple (1/1) D:4

Altars:
Ashenzari
Elyvilon
Fedhas
Gozag
Hepliaklqana
Makhleb
Nemelex Xobeh
Qazlal
Ru
Trog
Wu Jian
Xom
Yredelemnul
Zin
The Shining One

Annotations:
D:5 1 transporter
D:7 3 runed translucent doors


Innate Abilities, Weirdness & Mutations

You are immune to sickness and miasma.
Your stone body is resilient. (AC +7)
You are immune to poison.
You resist negative energy. (rN+)
You are resistant to electric shocks. (rElec)
You are resistant to unholy torment.
You are immune to petrification.


Message History

You sock the manticore!
You kill the manticore!
A komodo dragon comes into view.
Your Maces & Flails skill increases to level 8!
The komodo dragon hisses angrily.
You closely miss the komodo dragon.
You flicker back into view.
The komodo dragon hisses angrily.
The komodo dragon bites you but does no damage.
You hit the komodo dragon but do no damage.
The komodo dragon bites you!
* * * LOW HITPOINT WARNING * * *
You thump the komodo dragon!
The komodo dragon is lightly wounded.
The komodo dragon bites you but does no damage.
You hit the komodo dragon.
The komodo dragon is moderately wounded.
The komodo dragon bites you.
* * * LOW HITPOINT WARNING * * *
You hit the komodo dragon.
The komodo dragon is moderately wounded.
The komodo dragon barely misses you.
You closely miss the komodo dragon.
The komodo dragon is moderately wounded.
The komodo dragon barely misses you.
Okay, then.
Okay, then.
The komodo dragon attacks as you move away!
The komodo dragon barely misses you.
Things that are here:
a +0 long sword; the ring of the Noxious Cherry {*Corrode Fly rF+++ Int+2 Dex+6}
h - the ring of the Noxious Cherry {*Corrode Fly rF+++ Int+2 Dex+6} You block the komodo dragon's attack.
You thump the komodo dragon!
The komodo dragon is heavily wounded.
The komodo dragon barely misses you.
You hit the komodo dragon but do no damage.
The komodo dragon is heavily wounded.
The komodo dragon bites you!
You die...

##.###.##.....#
.#.....##..#..##
.##.#.##..##...#
..#...##...##..##
#.##.##)........#
..#.##.).......##
# #'#'#######'#'#
##.#######.##.#
##.+Yyl+.###@#
###lTs### #l#
##ooc## #...#
##DJK###.###.#
###+##### ##
###.### #.# .#


You could see a komodo dragon.

Vanquished Creatures
  A deep elf pyromancer (D:7)
  A manticore (D:7)
  An ugly thing (D:7)
  A slime creature (D:7)
  Sigmund (D:2)
  A yak (D:7)
  A naga (D:5)
  A water moccasin (D:6)
  An ice beast (D:5)
  A black bear (D:6)
  3 sky beasts
  An ogre (D:4)
  2 phantoms
  3 centaurs
  A kobold brigand (D:6)
  A scorpion (D:5)
  A crimson imp (D:3)
  2 howler monkeys (D:5)
  4 hounds
  A jelly (D:5)
  Crazy Yiuf (D:3)
  An orc priest (D:5)
  Natasha (twice) (D:3)
  A gnoll bouda (D:5)
  5 iguanas
  4 orc wizards (D:6)
  Robin (D:2)
  5 adders
  7 gnolls
  3 white imps
  A worm (D:2)
  21 orcs
  5 endoplasms
  17 goblins
  12 hobgoblins
  8 jackals
  A quokka (D:2)
  6 ball pythons
  5 bats
  A frilled lizard (D:1)
  2 goblin skeletons (D:3)
  2 goblin zombies (D:3)
  2 hobgoblin zombies (D:3)
  15 kobolds
  A kobold skeleton (D:3)
  An orc skeleton (D:3)
  A rat (D:1)
160 creatures vanquished.

Vanquished Creatures (others)
  A troll (D:7)
  A vampire mosquito (D:7)
2 creatures vanquished.

Grand Total: 162 creatures vanquished

Notes
Turn   | Place    | Note
-------+----------+-------------------------------------------
     0 | D:1      | garrulousMonolith the Gargoyle Fighter began the quest for
                  | the Orb.
     0 | D:1      | Reached XP level 1. HP: 14/14 MP: 1/1
   132 | D:1      | Reached XP level 2. HP: 8/19 MP: 2/2
   897 | D:2      | Noticed Sigmund
   908 | D:2      | Killed Sigmund
   909 | D:2      | Reached skill level 3 in Maces & Flails
   909 | D:2      | Reached skill level 1 in Dodging
   909 | D:2      | Reached skill level 1 in Invocations
   909 | D:2      | Reached XP level 3. HP: 20/24 MP: 2/4
   909 | D:2      | Reached XP level 4. HP: 24/29 MP: 2/5
   909 | D:2      | Reached XP level 5. HP: 28/33 MP: 2/6
  1106 | D:2      | Found a sacrificial altar of Ru.
  1614 | D:2      | Noticed Robin
  1631 | D:2      | Killed Robin
  1632 | D:2      | Reached XP level 6. HP: 33/38 MP: 7/7
  1988 | D:3      | Found a hazy altar of Hepliaklqana.
  2080 | D:3      | Found a glowing golden altar of the Shining One.
  2350 | D:3      | Noticed Natasha
  2387 | D:3      | Killed Natasha
  2564 | D:3      | Noticed Natasha
  2575 | D:3      | Killed Natasha
  2576 | D:3      | Reached skill level 4 in Maces & Flails
  2612 | D:3      | Found a runed translucent door.
  2613 | D:3      | Noticed Crazy Yiuf
  2707 | D:3      | Killed Crazy Yiuf
  2913 | D:4      | Found a staircase to the Ecumenical Temple.
  2934 | Temple   | Entered the Ecumenical Temple
  3192 | D:4      | Reached XP level 7. HP: 38/44 MP: 8/8
  3949 | D:4      | Found a burning altar of Makhleb.
  4103 | D:4      | Found a bloodstained altar of Trog.
  4159 | D:5      | Entered Level 5 of the Dungeon
  4233 | D:5      | Reached skill level 5 in Maces & Flails
  4233 | D:5      | Reached XP level 8. HP: 26/48 MP: 10/10
  4401 | D:5      | Reached skill level 5 in Shields
  4510 | D:5      | Reached skill level 5 in Fighting
  4510 | D:5      | Reached skill level 5 in Armour
  5281 | D:5      | Found a sparkling altar of Nemelex Xobeh.
  5281 | D:5      | Found a transporter.
  5281 | D:5      | Noticed a kobold demonologist
  5282 | D:5      | Noticed a two-headed ogre
  5744 | D:6      | Reached skill level 6 in Maces & Flails
  5899 | D:6      | Reached XP level 9. HP: 54/54 MP: 12/12
  6956 | D:7      | Found a runed translucent door.
  6957 | D:7      | Found a runed translucent door.
  6957 | D:7      | Noticed a troll
  6957 | D:7      | Noticed a komodo dragon
  6958 | D:7      | Found a runed translucent door.
  6973 | D:7      | Reached skill level 7 in Maces & Flails
  7015 | D:7      | Noticed a purple ugly thing
  7025 | D:7      | Noticed a troll
  7030 | D:7      | Identified the ring of the Noxious Cherry {*Corrode Fly
                  | rF+++ Int+2 Dex+6}
  7030 | D:7      | Noticed a deep elf pyromancer
  7031 | D:7      | Reached skill level 5 in Invocations
  7031 | D:7      | Noticed a manticore
  7047 | D:7      | Killed a purple ugly thing
  7055 | D:7      | Killed a troll
  7057 | D:7      | Killed a deep elf pyromancer
  7058 | D:7      | Reached XP level 10. HP: 36/61 MP: 12/14
  7068 | D:7      | Killed a manticore
  7069 | D:7      | Reached skill level 8 in Maces & Flails
  7079 | D:7      | Slain by a komodo dragon

Illustrated notes

Levels and vault maps discovered:
D:1:      minmay_arrival_shattered_statue, layout_basic
D:2:      layout_basic, basic_altar, uniq_sigmund, uniq_robin
D:3:      layout_loops_ring, nicolae_hepliaklqana_hazy_memory,
          nicolae_tso_besieged_by_evil, uniq_natasha, uniq_crazy_yiuf_cottage
D:4:      layout_rooms, trog_hazing_becter, lemuel_round_altar,
          minmay_temple_entry_slanted, grunt_ministairs_10, dk_noncrumbling_3
D:5:      layout_loops_corners, grunt_nemelex_the_gamble, grunt_ministairs_10
D:6:      layout_basic
D:7:      minmay_the_grid_triangle_9x9_rhombus_thin
          [minmay_the_grid_triangle_9x9_fully_insulated_deathbox,
          minmay_the_grid_triangle_9x9_prize_special,
          minmay_the_grid_triangle_9x9_steps,
          minmay_the_grid_triangle_9x9_pentomino_pain], layout_rooms,
          nicolae_overflow_hidden_temple, minmay_manual_monolith, uniq_pikel
Temple:   jpeg_temple_island

Skill      XL: |  1  2  3  4  5  6  7  8  9 10 |
---------------+-------------------------------+-----
Maces & Flails | 3 4 5 6 7 8 |  8.0
Dodging        | 1 2 3 4 |  4.2
Invocations    | 1 2 3 4 5 |  5.7
Shields        | 4 5 6 |  6.9
Fighting       | 4 5 6 |  6.8
Armour         | 4 5 6 |  6.8

Action                   |  1- 3 |  4- 6 |  7- 9 | 10-12 || total
-------------------------+-------+-------+-------+-------++-------
Melee: Flail             |    72 |   218 |   465 |    17 ||   772
Throw: Dart              |       |       |     2 |       ||     2
Evoke: Wand              |       |       |     1 |       ||     1
  Use: Potion            |     1 |     3 |     3 |     1 ||     8
       Scroll            |     1 |       |    16 |       ||    17
 Stab: Invisible         |       |       |     7 |       ||     7
Armor: Scale mail        |    35 |   130 |   273 |     7 ||   445
Dodge: Dodged            |    26 |   115 |   242 |    18 ||   401
Block: Buckler           |    16 |    65 |   141 |     8 ||   230

Table legend: (Time is in decaauts)
 A = Elapsed time spent in this place.
 B = Non-inter-level travel time spent in this place.
 C = Inter-level travel time spent in this place.
 D = Time resting spent in this place.
 E = Time spent auto-exploring this place.
 F = Levels seen in this place.
 G = Mean time per level.
                   A        B        C        D        E       F      G
               +--------+--------+--------+--------+--------+-----+--------+
         Total |   7302 |   6997 |    305 |   1338 |   4051 |   8 |  912.8 |
       Dungeon |   7046 |   6762 |    284 |   1338 |   3831 |   7 | 1006.6 |
        Temple |    255 |    234 |     21 |      0 |    220 |   1 |  255.0 |
               +--------+--------+--------+--------+--------+-----+--------+

Top non-repeatable levels by time:
     D:5: 1573 daAuts
     D:3: 1299 daAuts
     D:6: 1196 daAuts
     D:2: 1044 daAuts
     D:1: 876 daAuts
     D:4: 856 daAuts
  Temple: 255 daAuts
     D:7: 199 daAuts
